 Dungeon Crawl Stone Soup version 0.21.0-3-g78d12a8 (webtiles) character file.

66 topspot the Ruffian (level 3, -4/36 HPs)
             Began as a Troll Monk on Jan 13, 2018.
             Killed from afar by jujuben's ghost (7 damage)
             ... with a spray of energy
             ... on level 3 of the Dungeon.
             The game lasted 00:15:10 (969 turns).

topspot the Ruffian (Troll Monk)                     Turns: 969, Time: 00:15:11

Health: -4/36      AC:  5    Str: 19    XL:     3   Next: 96%
Magic:  2/2        EV: 10    Int:  6    God:
Gold:   75         SH:  0    Dex: 13    Spells: 2/2 levels left

rFire    . . .     SeeInvis .     - Unarmed
rCold    . . .     Gourm    +   (no shield)
rNeg     . . .     Faith    .   a - +0 robe
rPois    .         Spirit   .   (helmet restricted)
rElec    .         Reflect  .   (no cloak)
rCorr    .         Harm     .   (gloves unavailable)
MR       .....                  (boots unavailable)
Stlth    ++........             (no amulet)
HPRegen  0.52/turn              d - ring of wizardry
MPRegen  0.08/turn              (no ring)

@: no status effects
A: large, unfitting armour, claws 3, fast metabolism 3, gourmand, regeneration
1, shaggy fur 1, tough skin 2
a: no special abilities


You were on level 3 of the Dungeon.
You were completely stuffed.

You visited 1 branch of the dungeon, and saw 3 of its levels.

You collected 75 gold pieces.

Inventory:

Hand Weapons
 r - a +0 vampiric short sword
Missiles
 e - 2 large rocks (quivered)
 j - 15 poisoned needles
 l - 5 needles of frenzy
Armour
 a - a +0 robe (worn)
Jewellery
 d - a ring of wizardry (left claw)
Scrolls
 c - a scroll of amnesia
 f - 2 scrolls of enchant weapon
 h - 2 scrolls of teleportation
 m - a scroll of noise
 o - a scroll of remove curse {unknown}
Potions
 i - a potion of magic
 p - a potion of lignification {unknown}
 q - a potion of mutation {unknown}
Comestibles
 b - 6 rations


   Skills:
 - Level 2.6 Fighting
 - Level 2.4 Dodging
 - Level 1.0 Stealth
 + Level 4.6 Unarmed Combat


You had 2 spell levels left.
You didn't know any spells.

Dungeon Overview and Level Annotations

Branches:
Dungeon (3/15)

Altars:

Annotations:
D:3 jujuben's ghost, amateur DrCj


Innate Abilities, Weirdness & Mutations

You are too large for most types of armour.
You have claws for hands.
Your metabolism is lightning-fast.
You like to eat raw meat.
Your natural rate of healing is unusually fast.
You are covered in fur. (AC +1)
You have very tough skin. (AC +2)


Message History

Ouch! That really hurt!
* * * LOW HITPOINT WARNING * * *
You are more confused.
The bat barely misses you.
All of the chunks of flesh in your inventory have rotted away.
You're too confused!
Your magical effects are unravelling.
You feel magically purged.
You feel less confused. The bat completely misses you.
Jujuben's ghost whispers, "Death is liberation."
Jujuben's ghost hits you.
* * * LOW HITPOINT WARNING * * *
As you read the scroll of fear, it crumbles to dust.
You assume a fearsome visage.
The bat looks frightened!
Jujuben's ghost is unaffected.
Jujuben's ghost hits you.
* * * LOW HITPOINT WARNING * * *
Jujuben's ghost casts a spell at you. The spray of energy hits you!
You die...

###### #....# #.##.####
###### #.##....###..@.##
####.###.......##.W#
.........##...####........
<.#######.........##......
..# #.........# ...b.. ###
#.........# .....
#.........# .....
#..........# ....
#..........# ....


You could see jujuben's ghost and a bat (fleeing).

Vanquished Creatures
  3 adders (D:2)
  A worm (D:3)
  A dart slug (D:1)
  3 leopard geckos (D:1)
  A giant cockroach (D:2)
  5 goblins
  4 hobgoblins
  A quokka (D:2)
  2 ball pythons
  3 bats
  A frilled lizard (D:2)
  5 kobolds
  5 rats
35 creatures vanquished.

Notes
Turn   | Place    | Note
-------+----------+-------------------------------------------
     0 | D:1      | topspot the Troll Monk began the quest for the Orb.
     0 | D:1      | Reached XP level 1. HP: 22/22 MP: 0/0
    59 | D:1      | Reached XP level 2. HP: 29/29 MP: 1/1
   495 | D:2      | Reached skill level 4 in Unarmed Combat
   495 | D:2      | Reached XP level 3. HP: 31/36 MP: 2/2
   956 | D:3      | Noticed jujuben's ghost (amateur DrCj)
   969 | D:3      | Killed from afar by jujuben's ghost

Skill      XL: |  1  2 |
---------------+-------+-----
Unarmed Combat | 4 |  4.6
Fighting       | |  2.6
Dodging        | |  2.4
Stealth        | |  1.0

Action                   || total
-------------------------++-------
Melee: Unarmed           ||    88
       Punch             ||     1
  Use: Scroll            ||     8
       Potion            ||     1
 Stab: Sleeping          ||     4
       Distracted        ||     1
  Eat: Chunk             ||    14
Armor: Robe              ||    30
Dodge: Dodged            ||    42
